 Dungeon Crawl Stone Soup version 0.31-a0-977-gc230f8ef24 (webtiles) character file.

Game seed: 1193402028256741211

1 Gladio the Magician (level 1, -1/13 HPs)
             Began as a Gnoll Wanderer on Oct 29, 2023.
             Slain by a hobgoblin (4 damage)
             ... on level 1 of the Dungeon.
             The game lasted 00:00:13 (60 turns).

Gladio the Magician (Gnoll Wanderer)                  Turns: 60, Time: 00:00:14

Health: -1/13      AC:  3    Str: 13    XL:     1   Next: 20%
Magic:  8/8        EV: 10    Int: 10    God:
Gold:   0          SH:  0    Dex: 10    Spells: 14/14 levels left

rFire   . . .        a - +0 club
rCold   . . .        (no shield)
rNeg    . . .        c - +0 leather armour
rPois   .            (no helmet)
rElec   .            (no cloak)
rCorr   .            (no gloves)
SInv    .            (no boots)
Will    .....        (no amulet)
Stlth   +            (no ring)
HPRegen 0.22/turn    (no ring)
MPRegen 0.11/turn

%: no passive effects
@: no status effects
A: fangs 1, strong nose, distributed training
a: no special abilities


You were on level 1 of the Dungeon.
You visited 1 branch of the dungeon, and saw 1 of its levels.

Inventory:

Hand Weapons
 a - a +0 club (weapon)
Armour
 c - a +0 leather armour (worn)
Wands
 d - a wand of polymorph (3) (quivered)
Scrolls
 b - a scroll of summoning


   Skills:
 + Level 0.0 Fighting
 + Level 0.0 Short Blades
 + Level 0.0 Long Blades
 + Level 0.0 Axes
 + Level 0.0 Maces & Flails
 + Level 0.0 Polearms
 + Level 0.0 Staves
 + Level 0.0 Ranged Weapons
 + Level 0.0 Throwing
 + Level 0.0 Armour
 + Level 0.0 Dodging
 + Level 0.0 Stealth
 + Level 0.0 Shields
 + Level 0.0 Unarmed Combat
 + Level 7.0 Spellcasting
 + Level 0.0 Conjurations
 + Level 0.0 Hexes
 + Level 0.0 Summonings
 + Level 0.0 Necromancy
 + Level 0.0 Translocations
 + Level 0.0 Transmutations
 + Level 0.0 Fire Magic
 + Level 0.0 Ice Magic
 + Level 0.0 Air Magic
 + Level 0.0 Earth Magic
 + Level 7.0 Poison Magic
 + Level 0.0 Invocations
 + Level 4.4 Evocations
 + Level 0.0 Shapeshifting


You had 14 spell levels left.
You didn't know any spells.
Your spell library contained the following spells:

 Spells                   Type           Power      Damage    Failure   Level
 Sting                    Tmut/Pois      40%        1d5       5%          1
 Freeze                   Ice            12%        1d3       24%         1
 Shock                    Conj/Air       12%        1d3       24%         1
 Mephitic Cloud           Conj/Pois/Air  8%         N/A       26%         3
 Passwall                 Tmut/Erth      2%         N/A       34%         2
 Stone Arrow              Conj/Erth      6%         3d7       56%         3


Dungeon Overview and Level Annotations

Branches:
Dungeon (1/15)

Altars:


Innate Abilities, Weirdness & Mutations

You have very sharp teeth.
Your uncanny sense of smell can sniff out nearby items.
Your experience applies equally to all skills.


Message History

A hobgoblin comes into view.
The frilled lizard bites you but does no damage.
You barely miss the frilled lizard.
The hobgoblin shouts!
Your bite misses the frilled lizard. The frilled lizard closely misses you.
You closely miss the frilled lizard.
The frilled lizard bites you but does no damage.
The hobgoblin hits you. The frilled lizard closely misses you.
You hit the hobgoblin but do no damage. The hobgoblin hits you.
The frilled lizard misses you.
You are too injured to fight recklessly!
You are too injured to fight recklessly!
There are monsters nearby!
You are too injured to fight recklessly!
Unknown command.
You miss the frilled lizard. The hobgoblin closely misses you.
The frilled lizard bites you.
You hit the frilled lizard.
You kill the frilled lizard!
The hobgoblin closely misses you. The hobgoblin hits you.
* * * LOW HITPOINT WARNING * * *
The hobgoblin closely misses you.
You closely miss the hobgoblin. The hobgoblin barely misses you.
You hit the hobgoblin. Your punch misses the hobgoblin.
The hobgoblin is severely wounded.
The hobgoblin hits you.
* * * LOW HITPOINT WARNING * * *
You hit the hobgoblin but do no damage.
The hobgoblin is severely wounded.
The hobgoblin closely misses you.
You barely miss the hobgoblin.
The hobgoblin is severely wounded.
The hobgoblin misses you. The hobgoblin barely misses you.
You barely miss the hobgoblin. Your bite misses the hobgoblin.
The hobgoblin is severely wounded.
The hobgoblin barely misses you.
You completely miss the hobgoblin.
The hobgoblin is heavily wounded.
The hobgoblin hits you.
You die...

....#.# .!.#..
....###### +........
#......#####.#......
#......##....#......
#......##....#......
#.g@#####...........
#####...#...............
!..................>....
..........##...##.......
...........+............
..........##...#........
..........##...#....####
...............#....#
...............+...##


You could see a hobgoblin.

Vanquished Creatures
  A bat (D:1)
  A frilled lizard (D:1)
2 creatures vanquished.

Notes
Turn   | Place    | Note
-------+----------+-------------------------------------------
     0 | D:1      | Gladio the Gnoll Wanderer began the quest for the Orb.
     0 | D:1      | Gladio set off with the following items: a +0 club, a
                  | scroll of summoning, a +0 leather armour, a wand of
                  | polymorph (3); and the following spells available to
                  | memorise: Sting, Freeze, Shock, Mephitic Cloud, Passwall,
                  | Stone Arrow.
     0 | D:1      | Reached XP level 1. HP: 13/13 MP: 8/8
    60 | D:1      | Slain by a hobgoblin

Illustrated notes

Levels and vault maps discovered:
D:1:      minmay_arrival_doors, layout_basic

Action                     || total
---------------------------++-------
  Melee: Club              ||    16
 Armour: Leather armour    ||    14
  Dodge: Dodged            ||    15

Table legend: (Time is in decaauts)
 A = Elapsed time spent in this place.
 B = Non-inter-level travel time spent in this place.
 C = Inter-level travel time spent in this place.
 D = Time resting spent in this place.
 E = Time spent auto-exploring this place.
 F = Levels seen in this place.
 G = Mean time per level.
                   A        B        C        D        E       F      G
               +--------+--------+--------+--------+--------+-----+--------+
         Total |     64 |     64 |      0 |      0 |     34 |   1 |   64.0 |
       Dungeon |     64 |     64 |      0 |      0 |     34 |   1 |   64.0 |
               +--------+--------+--------+--------+--------+-----+--------+

Top non-repeatable levels by time:
     D:1: 64 daAuts
